 Dungeon Crawl Stone Soup version 0.30-a0-263-ge22c4ad894 (webtiles) character file.

Game seed: 16082806299553158958

59 ragingrage the Sneak (level 4, -8/23 HPs)
             Began as a Vine Stalker Brigand on Oct 13, 2022.
             Killed from afar by Jessica (9 damage)
             ... with a puff of flame
             ... on level 2 of the Dungeon.
             The game lasted 00:01:07 (1214 turns).

ragingrage the Sneak (Vine Stalker Brigand)         Turns: 1214, Time: 00:01:07

Health: -8/23      AC:  4    Str: 14    XL:     4   Next: 3%
Magic:  0/5        EV: 11    Int: 11    God:
Gold:   77         SH:  0    Dex: 17    Spells: 3/3 levels left

rFire   . . .      SeeInvis .    a - +2 dagger
rCold   . . .      Faith    .    (no shield)
rNeg    . . .      Spirit   +    b - +0 robe
rPois   .          Reflect  .    (no helmet)
rElec   .          Harm     .    c - +0 cloak
rCorr   .          Rampage  .    (no gloves)
Will    .....                    m - +0 pair of boots
Stlth   +++.......               h - amulet of magic regeneration
HPRegen 1.03/turn                (no ring)
MPRegen 0.49/turn                (no ring)

@: no status effects
A: fangs 2, regeneration 1, magic shield, antimagic bite, no potion heal 2
a: no special abilities


You were on level 2 of the Dungeon.
You visited 1 branch of the dungeon, and saw 2 of its levels.

You collected 77 gold pieces.

Inventory:

Hand Weapons
 a - a +2 dagger (weapon)
 f - a +0 rapier
Missiles
 d - 9 poisoned darts (quivered)
 e - 3 curare-tipped darts
 p - 3 boomerangs
Armour
 b - a +0 robe (worn)
 c - a +0 cloak (worn)
 l - an orb of guile
 m - a +0 pair of boots (worn)
Jewellery
 h - an amulet of magic regeneration (around neck)
Scrolls
 i - 3 scrolls of identify {unknown}
 j - a scroll of teleportation {unknown}
 k - 2 scrolls of fear {unknown}
 q - a scroll of fog {unknown}
 r - a scroll of summoning {unknown}
Potions
 g - a potion of curing {unknown}
 n - a potion of lignification {unknown}
 o - a potion of attraction {unknown}


   Skills:
 - Level 1.7 Fighting
 + Level 2.9 Short Blades
 - Level 1.7 Throwing
 - Level 0.7 Dodging
 + Level 6.0 Stealth


You had 3 spell levels left.
You didn't know any spells.
Your spell library was empty.

Dungeon Overview and Level Annotations

Branches:
Dungeon (2/15)

Altars:
Ru

Annotations:
D:2 Jessica


Innate Abilities, Weirdness & Mutations

You have extremely sharp teeth.
Your natural rate of healing is unusually fast.
When hurt, damage is shared between your health and your magic reserves.
Your bite disrupts and absorbs the magic of your enemies.
Potions cannot restore your health.


Message History

The adder bites you.
You hit the adder. Your bite misses the adder.
The adder is almost dead.
The adder barely misses you.
Jessica grins evilly.
You miss the adder. Your bite misses the adder.
The adder is almost dead.
The adder bites you but does no damage.
You hit the adder but do no damage.
The adder is almost dead.
The adder bites you.
You hit the adder.
You kill the adder!
Jessica drinks a potion.
Jessica seems to speed up.
Your Stealth skill increases to level 6!
You have reached level 4!
You feel stronger.
You begin to heal more quickly.
You hit Jessica.
Jessica is lightly wounded.
Jessica misses you.
You hit Jessica. You punch Jessica. Your bite misses Jessica.
Jessica is moderately wounded.
Jessica hits you with a +0 dagger.
You closely miss Jessica.
Jessica is moderately wounded.
Jessica zaps a wand.
The puff of flame hits you! Jessica hits you with a +0 dagger.
You hit Jessica. You bite Jessica, but do no damage.
Jessica is heavily wounded.
Jessica zaps a wand.
The puff of flame hits you.
You barely miss Jessica. You bite Jessica, but do no damage.
Jessica is heavily wounded.
Jessica zaps a wand.
The puff of flame hits you!
* * * LOW HITPOINT WARNING * * *
You barely miss Jessica. You bite Jessica.
Jessica's magic leaks into the air.
You drain her magic.
You feel invigorated.
Jessica is severely wounded.
Jessica falters for a moment.
Jessica zaps a wand.
The puff of flame hits you!
You die...

.♣ ♣.♣♣♣
#..# ♣♣
♣.♣ #..# ♣
♣♣♣
####..####
♣
#........#
♣
#........#
+........#
#........#
#........#
#..@.....#
#..†@....#
#........#
##......##
#.....?#
#......#
#......#
#......#


You could see Jessica (fast, magic disrupted).

Vanquished Creatures
  3 adders (D:2)
  A dart slug (D:1)
  3 ball pythons
  4 bats
  3 endoplasms
  3 giant cockroaches
  3 goblins
  3 hobgoblins
  A kobold (D:1)
  A quokka (D:2)
  2 rats
  A spectral hobgoblin (D:1)
28 creatures vanquished.

Notes
Turn   | Place    | Note
-------+----------+-------------------------------------------
     0 | D:1      | ragingrage the Vine Stalker Brigand began the quest for the
                  | Orb.
     0 | D:1      | Reached XP level 1. HP: 11/11 MP: 2/2
    89 | D:1      | Reached skill level 5 in Stealth
   145 | D:1      | Reached XP level 2. HP: 10/15 MP: 3/3
   255 | D:1      | Found a faded altar of an unknown god.
   942 | D:2      | Reached XP level 3. HP: 18/18 MP: 4/4
  1174 | D:2      | Found a sacrificial altar of Ru.
  1202 | D:2      | Noticed Jessica
  1209 | D:2      | Reached skill level 6 in Stealth
  1209 | D:2      | Gained mutation: Your natural rate of healing is unusually
                  | fast. [Vine Stalker growth]
  1209 | D:2      | Reached XP level 4. HP: 20/23 MP: 5/5
  1213 | D:2      | HP: 1/23 [Jessica/puff of flame (8)]
  1214 | D:2      | Killed from afar by Jessica

Illustrated notes

Levels and vault maps discovered:
D:1:      sevenhm_arrival_forest_fort_small_3, layout_basic,
          dreamdust_ecumenical_altar_drowned_temple, minmay_misc_feat_five,
          minmay_pentomino_s2
D:2:      kb_forest_paths, layout_basic, basic_altar, uniq_jessica

Skill      XL: |  1  2  3 |
---------------+----------+-----
Short Blades   | 2 |  2.9
Stealth        | 5 6 |  6.0
Fighting       | |  1.7
Throwing       | |  1.7
Dodging        | |  0.7

Action                   |  1- 3 |  4- 6 || total
-------------------------+-------+-------++-------
Melee: Rapier            |    29 |       ||    29
       Bite              |    16 |     3 ||    19
       Dagger            |    43 |     6 ||    49
       Punch             |     1 |     1 ||     2
 Stab: Sleeping          |    13 |       ||    13
Armor: Robe              |    21 |       ||    21
Dodge: Dodged            |    34 |     1 ||    35

Table legend: (Time is in decaauts)
 A = Elapsed time spent in this place.
 B = Non-inter-level travel time spent in this place.
 C = Inter-level travel time spent in this place.
 D = Time resting spent in this place.
 E = Time spent auto-exploring this place.
 F = Levels seen in this place.
 G = Mean time per level.
                   A        B        C        D        E       F      G
               +--------+--------+--------+--------+--------+-----+--------+
         Total |   1214 |   1123 |     91 |     35 |    840 |   2 |  607.0 |
       Dungeon |   1214 |   1123 |     91 |     35 |    840 |   2 |  607.0 |
               +--------+--------+--------+--------+--------+-----+--------+

Top non-repeatable levels by time:
     D:1: 924 daAuts
     D:2: 290 daAuts
